 Dungeon Crawl Stone Soup version 0.27-a0-1189-gb8eb6cee8e (webtiles) character file.

Game seed: 11500940227194373802

44 flotson the Covert (level 3, -2/35 HPs)
             Began as a Gnoll Delver on May 23, 2021.
             Was an Initiate of Okawaru.
             Slain by a kobold
             ... wielding a +0 short sword
              (5 damage)
             ... in a sewer.
             The game lasted 00:02:33 (795 turns).

flotson the Covert (Gnoll Delver)                    Turns: 795, Time: 00:02:35

Health: -2/35      AC:  3    Str: 12    XL:     3   Next: 62%
Magic:  4/4        EV: 14    Int:  9    God:    Okawaru [......]
Gold:   19         SH:  0    Dex: 19    Spells: 3/3 levels left

rFire    . . .     SeeInvis .   a - +0 spear
rCold    . . .     Faith    .   (no shield)
rNeg     . . .     Spirit   .   b - +0 leather armour
rPois    +         Reflect  .   (no helmet)
rElec    .         Harm     .   (no cloak)
rCorr    .         Rampage  .   (no gloves)
Will     .....                  (no boots)
Stlth    ++++......             (no amulet)
HPRegen  0.11/turn              l - +6 ring of dexterity
MPRegen  0.09/turn              m - ring of poison resistance

@: hasted, very quick
A: fangs 1, strong nose, distributed training
a: Renounce Religion


You were in a sewer.
You worshipped Okawaru.
Okawaru was noncommittal.
You visited 2 branches of the dungeon, and saw 3 of its levels.
You also visited: Sewer.

You collected 19 gold pieces.

Inventory:

Hand Weapons
 a - a +0 spear (weapon)
Armour
 b - a +0 leather armour (worn)
Jewellery
 k - a ring of protection from fire
 l - a +6 ring of dexterity (left hand)
 m - a ring of poison resistance (right hand)
Wands
 g - a wand of digging (3)
Scrolls
 c - 2 scrolls of fog
 e - a scroll of fear
 i - a scroll of vulnerability {unknown}
Potions
 h - 2 potions of curing {unknown}
 j - a potion of mutation {unknown}


   Skills:
 + Level 6.5 Fighting
 + Level 0.9 Short Blades
 + Level 0.9 Long Blades
 + Level 0.9 Axes
 + Level 0.9 Maces & Flails
 + Level 4.5 Polearms
 + Level 0.9 Staves
 + Level 0.9 Slings
 + Level 0.9 Bows
 + Level 0.9 Crossbows
 + Level 0.9 Throwing
 + Level 0.9 Armour
 + Level 4.5 Dodging
 + Level 9.5 Stealth
 + Level 0.9 Shields
 + Level 0.9 Unarmed Combat
 + Level 0.9 Spellcasting
 + Level 0.6 Conjurations
 + Level 0.6 Hexes
 + Level 0.6 Summonings
 + Level 0.6 Necromancy
 + Level 0.6 Translocations
 + Level 0.6 Transmutations
 + Level 0.6 Fire Magic
 + Level 0.6 Ice Magic
 + Level 0.6 Air Magic
 + Level 0.6 Earth Magic
 + Level 0.6 Poison Magic
 + Level 1.0 Invocations
 + Level 0.9 Evocations


You had 3 spell levels left.
You didn't know any spells.
Your spell library was empty.

Dungeon Overview and Level Annotations

Branches:
Dungeon (5/15)             Temple (1/1) D:4           Sewer (1/1)

Altars:
Ashenzari
Cheibriados
Dithmenos
Elyvilon
Fedhas
Hepliaklqana
Kikubaaqudgha
Makhleb
Okawaru
Qazlal
Ru
Trog
Vehumet
The Shining One

Annotations:
D:4 Eustachio


Innate Abilities, Weirdness & Mutations

You have very sharp teeth.
Your uncanny sense of smell can sniff out nearby items.
Your experience applies equally to all skills.


Message History

You hit the kobold brigand but do no damage.
The kobold brigand is heavily wounded.
The kobold barely misses you.
You completely miss the kobold brigand.
The kobold brigand is heavily wounded.
The kobold brigand closely misses you.
The kobold splashes around in the water.
You closely miss the kobold brigand.
The kobold brigand is heavily wounded.
The kobold barely misses you. The kobold brigand misses you.
The kobold misses you.
You hit the kobold brigand.
The kobold brigand is heavily wounded.
The kobold splashes around in the water.
The kobold brigand hits you with a +0 dagger!
The kobold closely misses you.
You closely miss the kobold brigand.
The kobold brigand is heavily wounded.
The kobold closely misses you. The kobold brigand misses you.
The kobold closely misses you.
You feel yourself speed up. The kobold hits you with a +0 club.
The kobold brigand hits you with a +0 dagger.
The kobold hits you with a +0 short sword.
You hit the kobold brigand.
The kobold brigand is heavily wounded.
The kobold misses you.
The kobold brigand hits you with a +0 dagger.
* * * LOW HITPOINT WARNING * * *
You hit the kobold brigand but do no damage.
You bite the kobold brigand, but do no damage.
The kobold brigand is heavily wounded.
The kobold hits you with a +0 short sword.
* * * LOW HITPOINT WARNING * * *
You hit the kobold brigand but do no damage.
The kobold brigand is heavily wounded.
The kobold closely misses you.
The kobold brigand hits you with a +0 dagger.
* * * LOW HITPOINT WARNING * * *
The kobold hits you with a +0 short sword.
You die...

## ##.. #...K ...
####.#### #....≈K@#
#..≈≈≈KK# #≈≈≈≈≈≈≈#
#.≈≈≈≈≈.# #≈≈≈≈≈≈.#
#.≈≈≈≈≈≈# #.≈≈≈≈≈≈#
#≈.≈≈≈.≈################
#≈≈≈≈≈≈≈≈≈≈≈≈≈≈≈≈≈≈≈≈≈≈≈


You could see a kobold brigand and 2 kobolds.

Vanquished Creatures
  A centaur skeleton (D:5)
  A river rat (Sewer)
  A ball python (Temple)
  A jackal (Sewer)
  4 rats (Sewer)
8 creatures vanquished.

Vanquished Creatures (others)
  3 plants (D:4)
3 creatures vanquished.

Grand Total: 11 creatures vanquished

Notes
Turn   | Place    | Note
-------+----------+-------------------------------------------
     0 | D:5      | Reached skill level 9 in Stealth
     0 | D:5      | flotson the Gnoll Delver began the quest for the Orb.
     0 | D:5      | Reached XP level 1. HP: 23/23 MP: 1/1
    73 | D:5      | Reached XP level 2. HP: 13/29 MP: 2/2
    73 | D:5      | Reached XP level 3. HP: 16/35 MP: 3/3
   326 | D:4      | Noticed Eustachio
   331 | D:4      | Found a staircase to the Ecumenical Temple.
   339 | Temple   | Entered the Ecumenical Temple
   420 | Temple   | Became a worshipper of Warmaster Okawaru
   474 | D:4      | Found a glowing drain.
   478 | Sewer    | Entered a sewer
   495 | Sewer    | Reached skill level 1 in Invocations
   766 | Sewer    | Noticed a kobold brigand
   795 | Sewer    | Slain by a kobold

Illustrated notes

Levels and vault maps discovered:
D:4:      layout_layer_cave, minmay_temple_entry_gardened_gates,
          gup_sewer_entry_bowl, uniq_pikel, uniq_edmund, uniq_blork_the_orc,
          uniq_natasha, uniq_eustachio, uniq_crazy_yiuf_cottage
D:5:      layout_basic
Temple:   eino_temple_water
Sewer:    sewer_kobolds

Skill      XL: |  1  2  3 |
---------------+----------+-----
Stealth        | |  9.5
Invocations    | 1 |  1.0
Fighting       | |  6.5
Short Blades   | |  0.9
Long Blades    | |  0.9
Axes           | |  0.9
Maces & Flails | |  0.9
Polearms       | |  4.5
Staves         | |  0.9
Slings         | |  0.9
Bows           | |  0.9
Crossbows      | |  0.9
Throwing       | |  0.9
Armour         | |  0.9
Dodging        | |  4.5
Shields        | |  0.9
Unarmed Combat | |  0.9
Spellcasting   | |  0.9
Conjurations   | |  0.6
Hexes          | |  0.6
Summonings     | |  0.6
Necromancy     | |  0.6
Translocations | |  0.6
Transmutations | |  0.6
Fire Magic     | |  0.6
Ice Magic      | |  0.6
Air Magic      | |  0.6
Earth Magic    | |  0.6
Poison Magic   | |  0.6
Evocations     | |  0.9

Action                   || total
-------------------------++-------
Melee: Spear             ||    50
       Bite              ||     8
  Use: Potion            ||     2
       Scroll            ||     1
Armor: Leather armour    ||     9
Dodge: Dodged            ||    41

Table legend: (Time is in decaauts)
 A = Elapsed time spent in this place.
 B = Non-inter-level travel time spent in this place.
 C = Inter-level travel time spent in this place.
 D = Time resting spent in this place.
 E = Time spent auto-exploring this place.
 F = Levels seen in this place.
 G = Mean time per level.
                   A        B        C        D        E       F      G
               +--------+--------+--------+--------+--------+-----+--------+
         Total |    793 |    776 |     17 |    207 |    381 |   4 |  198.2 |
       Dungeon |    379 |    379 |      0 |      0 |    256 |   2 |  189.5 |
        Temple |     98 |     81 |     17 |      0 |     66 |   1 |   98.0 |
         Sewer |    315 |    315 |      0 |    207 |     59 |   1 |  315.0 |
               +--------+--------+--------+--------+--------+-----+--------+

Top non-repeatable levels by time:
     D:5: 319 daAuts
   Sewer: 315 daAuts
  Temple: 98 daAuts
     D:4: 59 daAuts
